 Dungeon Crawl Stone Soup version 0.26.0-7-g794d0892b4 (webtiles) character file.

Game seed: 16033396090689909119

574 jackrogers the Cleaver (level 7, -3/52 (57) HPs)
             Began as a Hill Orc Chaos Knight on Jan 11, 2021.
             Was a Plaything of Xom.
             Slain by Menkaure (10 damage)
             ... in an ossuary.
             The game lasted 00:08:35 (4894 turns).

jackrogers the Cleaver (Hill Orc Chaos Knight)      Turns: 4894, Time: 00:08:35

HP:   -3/52 (57)    AC: 14    Str: 17      XL:     7   Next: 35%
MP:   7/7           EV: 11    Int: 12      God:    Xom [.....*]
Gold: 243           SH:  0    Dex:  8 (10) Spells: 6/6 levels left

rFire    . . .     SeeInvis +   c - +0 hand axe
rCold    . . .     Faith    .   (no shield)
rNeg     . . .     Spirit   .   b - +3 leather armour
rPois    .         Reflect  .   i - +2 helmet {SInv}
rElec    .         Harm     .   d - +0 cloak
rCorr    .         Rampage  .   y - +2 pair of gloves
Will     .....     Clarity  +   f - +0 pair of boots
Stlth    ++........             (no amulet)
HPRegen  0.17/turn              l - ring of stealth {Stlth+}
MPRegen  0.10/turn              (no ring)

@: marked, hasted, drained, very quick
A: talons 1, clarity, mutation resistance 1
a: Renounce Religion


You were in an ossuary.
You worshipped Xom.
You were Xom's teddy bear.
You visited 1 branch of the dungeon, and saw 4 of its levels.
You also visited: Ossuary.

You collected 243 gold pieces.

Inventory:

Hand Weapons
 a - a +0 hand axe of chaos
 c - a +0 hand axe (weapon)
   (You found it on level 2 of the Dungeon)
Missiles
 g - 7 silver boomerangs
 k - 117 stones (quivered)
 u - 10 poisoned darts
Armour
 b - a +3 leather armour (worn)
 d - a +0 cloak (worn)
   (You found it on level 1 of the Dungeon)
 f - a +0 pair of boots (worn)
   (You found it on level 1 of the Dungeon)
 h - a +0 scale mail
   (You found it on level 1 of the Dungeon)
 i - a +2 helmet of see invisible (worn)
   (You found it on level 1 of the Dungeon)
 o - a +0 pair of gloves
   (You found it on level 2 of the Dungeon)
 y - a +2 pair of gloves (worn)
   (You found it on level 4 of the Dungeon)
Jewellery
 l - a ring of stealth (left hand) {Stlth+}
   (You found it on level 1 of the Dungeon)
Scrolls
 s - a scroll of enchant weapon {unknown}
 t - a scroll of enchant armour
 w - a scroll of identify
Potions
 e - a potion of ambrosia
 j - 2 potions of brilliance
 m - a potion of might {unknown}
 n - a potion of degeneration {unknown}
 p - a potion of flight
 q - a potion of magic {unknown}
 x - a potion of attraction {!q}


   Skills:
 - Level 3.6 Fighting
 + Level 10.6 Axes
 - Level 2.1 Armour
 - Level 0.7 Dodging


You had 6 spell levels left.
You didn't know any spells.
Your spell library was empty.

Dungeon Overview and Level Annotations

Branches:
Dungeon (4/15)            Ossuary (1/1)
 Temple: D:4-7

Altars:

Annotations:
Ossuary Menkaure


Innate Abilities, Weirdness & Mutations

You have sharp toenails.
You possess an exceptional clarity of mind.
You are somewhat resistant to further mutation.


Message History

You barely miss the mummy. You slash the mummy!
You destroy the mummy!
An arrow misses your butterfly!
You start resting.
Your butterfly disappears in a puff of smoke! x2
Partly explored, can't reach some places.
Partly explored, can't reach some places.
Partly explored, can't reach some places.
Really walk onto that alarm trap? [Y]es or [N]o only, please.
Really walk onto that alarm trap?
You set off the alarm!
The alarm trap emits a blaring wail!
A sentinel's mark forms upon you.
You hear a shout!
You avoid triggering an arrow trap.
There is an arrow trap here.
A mummy comes into view.
Spoiler Alert: The mummy can hit for moderate damage in melee!
An arrow hits the mummy!
A goblin zombie comes into view.
You throw a stone.
The stone hits the mummy but does no damage.
You throw a stone.
The stone hits the mummy but does no damage.
Menkaure, Prince of Dust comes into view.
Warning x2: The mummy can hit for moderate damage in melee!
Menkaure can cast Torment!
You hit the mummy.
Menkaure casts a spell.
Menkaure seems to speed up.
Warning x2: The mummy can hit for moderate damage in melee!
Menkaure (fast) can cast Torment!
You slash the mummy!
An arrow hits Menkaure!
The mummy hits you.
Warning x2: The mummy can hit for moderate damage in melee!
Menkaure (fast) can cast Torment!
You barely miss the mummy.
Warning x2: The mummy can hit for moderate damage in melee!
Menkaure (fast) can cast Torment!
You barely miss the mummy.
An orc skeleton comes into view.
Menkaure calls on the powers of darkness!
Your body is wracked with pain!
The mummy closely misses you.
Warning x2: The mummy can hit for moderate damage in melee!
Menkaure (fast) can cast Torment!
You hit the mummy but do no damage.
Menkaure calls on the powers of darkness!
Your body is wracked with pain!
* * * LOW HITPOINT WARNING * * *
Warning x2: The mummy can hit for moderate damage in melee!
Menkaure (fast) can cast Torment!
You hit the mummy.
You destroy the mummy!
A kobold skeleton comes into view.
Spoiler Alert: Menkaure (fast) can cast Torment!
The goblin zombie hits you but does no damage.
A mummy comes into view.
Warning x2: The mummy can hit for moderate damage in melee!
Menkaure (fast) can cast Torment!
You feel much better. The goblin zombie closely misses you.
Warning x2: The mummy can hit for moderate damage in melee!
Menkaure (fast) can cast Torment!
You barely miss the goblin zombie.
A rat skeleton comes into view.
Warning x2: The mummy can hit for moderate damage in melee!
Menkaure (fast) can cast Torment!
You feel yourself speed up.
The goblin zombie hits you but does no damage.
Spoiler Alert: Menkaure (fast) can cast Torment!
You closely miss the goblin zombie.
The goblin zombie hits you but does no damage.
Spoiler Alert: Menkaure (fast) can cast Torment!
You hit the goblin zombie.
You are now a toy of Xom.
Spoiler Alert: Menkaure (fast) can cast Torment!
You slash the goblin zombie!
You destroy the goblin zombie!
Spoiler Alert: Menkaure (fast) can cast Torment!
Menkaure hits you!
Spoiler Alert: Menkaure (fast) can cast Torment!
You hit Menkaure but do no damage. "Boo!"
You are now Xom's teddy bear.
Menkaure hits you.
Spoiler Alert: Menkaure (fast) can cast Torment!
You hit Menkaure.
Spoiler Alert: Menkaure (fast) can cast Torment!
You barely miss Menkaure. Menkaure hits you!
* * * LOW HITPOINT WARNING * * *
Spoiler Alert: Menkaure (fast) can cast Torment!
You barely miss Menkaure.
Spoiler Alert: Menkaure (fast) can cast Torment!
You slash Menkaure! Menkaure barely misses you.
Spoiler Alert: Menkaure (fast) can cast Torment!
You hit Menkaure.
Menkaure calls on the powers of darkness!
Your body is wracked with pain!
* * * LOW HITPOINT WARNING * * *
Warning x2: The mummy can hit for moderate damage in melee!
Menkaure (fast) can cast Torment!
Okay, then.
Warning x2: The mummy can hit for moderate damage in melee!
Menkaure (fast) can cast Torment!
You hit Menkaure but do no damage.
Warning x2: The mummy can hit for moderate damage in melee!
Menkaure (fast) can cast Torment!
Unknown command.
Warning x2: The mummy can hit for moderate damage in melee!
Menkaure (fast) can cast Torment!
You closely miss Menkaure. Menkaure hits you!
You die...

#..##^.##^.####^.##.^##..##
^^##..##..## ##..##..##..##
.##..##..## ##..##..##..##
##..##..## ##.^##..##..##
#..##..## ##..##..##..## ..##..##
##..##..##..## .##..##
##^.##..##..##
##..##############M'##..##..##..#
#.........^.....@MZ^.##..##..##..
########################..##.^##^
...........................##..##
##############################..#
^.........^......................
#################################


You could see Menkaure (fast), a mummy and an orc skeleton.

Vanquished Creatures
  2 ogres
  A hound (D:4)
  2 orc priests (D:3)
  2 mummies (Ossuary)
  4 gnolls
  6 adders
  2 oozes
  A worm (D:3)
  A dart slug (D:4)
  A leopard gecko (D:4)
  2 orcs (D:3)
  A ball python (D:1)
  2 giant cockroaches (D:2)
  2 gnoll zombies (Ossuary)
  14 goblins
  10 hobgoblins
  18 jackals
  10 kobolds
  4 quokkas (D:3)
  A ball python skeleton (D:4)
  11 bats
  8 frilled lizards
  5 gnoll skeletons (Ossuary)
  5 goblin skeletons (Ossuary)
  5 goblin zombies (Ossuary)
  4 hobgoblin skeletons (Ossuary)
  3 hobgoblin zombies (Ossuary)
  2 kobold skeletons (Ossuary)
  6 kobold zombies (Ossuary)
  A leopard gecko skeleton (D:4)
  4 orc skeletons (Ossuary)
  3 orc zombies (Ossuary)
  5 rats
  A rat skeleton (Ossuary)
  3 rat zombies (Ossuary)
152 creatures vanquished.

Vanquished Creatures (others)
  A phantom (D:4)
  A jelly (D:2)
  A hobgoblin (D:2)
  A frilled lizard (D:2)
  A kobold (D:2)
  A kobold skeleton (Ossuary)
  A kobold zombie (Ossuary)
  2 orc zombies (Ossuary)
  38 plants (D:2)
47 creatures vanquished.

Grand Total: 199 creatures vanquished

Notes
Turn   | Place    | Note
-------+----------+-------------------------------------------
     0 | D:1      | jackrogers the Hill Orc Chaos Knight began the quest for
                  | the Orb.
     0 | D:1      | Reached XP level 1. HP: 19/19 MP: 1/1
     0 | D:1      | Noticed a ghoul
     1 | D:1      | Noticed an ogre
     3 | D:1      | Noticed a centaur
     3 | D:1      | Noticed a gargoyle
     5 | D:1      | Noticed a human
     6 | D:1      | Noticed a dwarf
     7 | D:1      | Noticed a draconian
     9 | D:1      | Noticed a vine stalker
    11 | D:1      | Noticed a naga
    13 | D:1      | Noticed a vine stalker
    16 | D:1      | Noticed a felid
    16 | D:1      | Noticed an elf
    16 | D:1      | Noticed a spriggan
    18 | D:1      | Noticed a vine stalker
    20 | D:1      | Noticed an elf
   152 | D:1      | Reached XP level 2. HP: 15/26 MP: 2/2
   256 | D:1      | XOM: silly message
   436 | D:1      | Reached skill level 5 in Axes
   440 | D:1      | XOM: butterfly on damage
   440 | D:1      | XOM: smoke on damage
   445 | D:1      | Reached XP level 3. HP: 10/31 MP: 3/3
  1025 | D:1      | Reached skill level 6 in Axes
  1246 | D:1      | XOM: divination: detect items
  1277 | D:2      | Reached XP level 4. HP: 37/39 MP: 4/4
  1648 | D:2      | Reached skill level 7 in Axes
  1700 | D:2      | XOM: destruction
  2181 | D:3      | Found a faded altar of an unknown god.
  2200 | D:3      | XOM: 1-stop teleportation journey
  2219 | D:3      | Reached XP level 5. HP: 45/45 MP: 5/5
  2361 | D:3      | XOM: potion effect (brilliance)
  2366 | D:3      | XOM: 3-stop teleportation journey
  2798 | D:3      | XOM: noise
  2806 | D:3      | Noticed an ogre
  2824 | D:3      | XOM: 7-stop teleportation journey
  2825 | D:3      | XOM: enchant monster (bad)
  2829 | D:3      | XOM: blink monster(s)
  2830 | D:3      | XOM: polymorph orc -> bat
  2836 | D:3      | Reached skill level 8 in Axes
  2860 | D:3      | XOM: god gift: potion of brilliance
  2975 | D:3      | XOM: god gift: 51 gold pieces
  3017 | D:3      | Reached XP level 6. HP: 36/51 MP: 6/6
  3165 | D:3      | XOM: give mutations
  3165 | D:3      | Gained mutation: You are somewhat resistant to further
                  | mutation. [Xom's grace]
  3165 | D:3      | Gained mutation: You have sharp toenails. [Xom's grace]
  3241 | D:3      | XOM: scenery: summon butterflies
  3340 | D:3      | Reached skill level 9 in Axes
  3510 | D:3      | XOM: god gift: 19 stones
  3754 | D:4      | Noticed a phantom
  3775 | D:4      | Killed a phantom
  3775 | D:4      | XOM: divine lightning
  3789 | D:4      | Reached skill level 10 in Axes
  3789 | D:4      | Reached XP level 7. HP: 54/57 MP: 7/7
  3797 | D:4      | XOM: scenery: summon butterflies
  3923 | D:4      | XOM: draining
  4028 | D:4      | Found a sand-covered staircase.
  4042 | Ossuary  | Entered an ossuary
  4482 | Ossuary  | XOM is BORED!
  4482 | Ossuary  | XOM: noise
  4577 | Ossuary  | XOM: give mutations
  4577 | Ossuary  | Gained mutation: You have an increased reservoir of magic.
                  | (+10% MP) [Xom's mischief]
  4577 | Ossuary  | Gained mutation: You possess an exceptional clarity of
                  | mind. [Xom's mischief]
  4577 | Ossuary  | Lost mutation: You have an increased reservoir of magic.
                  | (+10% MP) [Xom's mischief]
  4630 | Ossuary  | XOM: summons 4 hostile demons
  4729 | Ossuary  | XOM: butterfly on damage
  4872 | Ossuary  | Noticed Menkaure
  4887 | Ossuary  | XOM: noise
  4889 | Ossuary  | HP: 11/52 [Menkaure (13)]
  4894 | Ossuary  | Slain by Menkaure

Illustrated notes

Levels and vault maps discovered:
D:1:      shiori_arrival_whats_in_store_for_you, layout_loops_corners,
          minmay_misc_feat_doors
D:2:      layout_basic, serial_bayou_lagoon_a, lemuel_another_geyser
D:3:      layout_loops_corners, chequers_ecumenical_altar_lobes,
          minmay_ogre_servants
D:4:      layout_loops_ring, enter_ossuary_5
Ossuary:  ossuary_due_pyramid

Skill      XL: |  1  2  3  4  5  6 |
---------------+-------------------+-----
Axes           | 5 6 7 8 10 | 10.6
Fighting       | |  3.6
Armour         | |  2.1
Dodging        | |  0.7

Action                   |  1- 3 |  4- 6 |  7- 9 || total
-------------------------+-------+-------+-------++-------
Melee: Hand axe          |    96 |   238 |   161 ||   495
Throw: Stone             |       |   113 |   161 ||   274
  Use: Scroll            |     5 |     7 |       ||    12
       Potion            |       |       |     2 ||     2
 Stab: Sleeping          |     2 |     2 |     1 ||     5
Armor: Leather armour    |    48 |   111 |    48 ||   207
Dodge: Dodged            |    69 |   148 |    55 ||   272

Table legend: (Time is in decaauts)
 A = Elapsed time spent in this place.
 B = Non-inter-level travel time spent in this place.
 C = Inter-level travel time spent in this place.
 D = Time resting spent in this place.
 E = Time spent auto-exploring this place.
 F = Levels seen in this place.
 G = Mean time per level.
                   A        B        C        D        E       F      G
               +--------+--------+--------+--------+--------+-----+--------+
         Total |   4876 |   4725 |    151 |    741 |   2683 |   5 |  975.2 |
       Dungeon |   4038 |   3887 |    151 |    551 |   2356 |   4 | 1009.5 |
       Ossuary |    838 |    838 |      0 |    190 |    327 |   1 |  838.0 |
               +--------+--------+--------+--------+--------+-----+--------+

Top non-repeatable levels by time:
     D:3: 1726 daAuts
     D:1: 1357 daAuts
 Ossuary: 838 daAuts
     D:2: 675 daAuts
     D:4: 279 daAuts

Table legend:
 A = Kills in this place as a percentage of kills in entire the game.
 B = Kills by you in this place as a percentage of kills by you in the entire game.
 C = Kills by friends in this place as a percentage of kills by friends in the entire game.
 D = Other kills in this place as a percentage of other kills in the entire game.
 E = Experience gained in this place as a percentage of experience gained in the entire game.
 F = Experience gained in this place divided by the number of levels of this place that you have seen.
                   A       B       C       D       E      F
               +-------+-------+-------+-------+-------+----------------------
         Total | 100.0 | 100.0 |   N/A | 100.0 | 100.0 | 164.2
       Dungeon |  71.5 |  71.3 |   N/A | 100.0 |  91.0 | 186.8
       Ossuary |  28.5 |  28.7 |   N/A |   0.0 |   9.0 |  74.0
               +-------+-------+-------+-------+-------+----------------------
